 Dungeon Crawl Stone Soup version 0.30.0-29-ga12c61a403 (webtiles) character file.

Game seed: 6175564045340256552

145 qw the Chopper (level 5, -1/32 HPs)
             Began as a Gargoyle Fighter on June 5, 2023.
             Slain by a goblin
             ... wielding a +0 dagger
              (2 damage)
             ... on level 3 of the Dungeon.
             The game lasted 00:01:15 (2338 turns).

qw the Chopper (Gargoyle Fighter)                   Turns: 2338, Time: 00:01:16

Health: -1/32      AC: 10    Str: 22    XL:     5   Next: 27%
Magic:  5/5        EV:  9    Int:  8    God:
Gold:   77         SH:  4    Dex:  9    Spells: 4/4 levels left

rFire   . . .        Y - +0 war axe
rCold   . . .        c - +0 buckler
rNeg    + + .        b - +0 scale mail
rPois   inf          (no helmet)
rElec   +            (no cloak)
rCorr   .            (no gloves)
SInv    .            (no boots)
Will    .....        (no amulet) Stlth
                     j - ring of positive energy
HPRegen 0.25/turn    (no ring)
MPRegen 0.09/turn

%: no passive effects
@: no status effects
A: sickness immunity, AC +4, negative energy resistance 1, electricity
resistance, torment resistance 1, petrification resistance
a: no special abilities


You were on level 3 of the Dungeon.
You visited 1 branch of the dungeon, and saw 3 of its levels.

You collected 77 gold pieces.


Innate Abilities, Weirdness & Mutations

You are immune to sickness and miasma.
Your stone body is resilient. (AC +4)
You are immune to poison.
You resist negative energy. (rN+)
You are resistant to electric shocks. (rElec)
You are resistant to unholy torment.
You are immune to petrification.


   Skills:
 - Level 3.2 Fighting
 + Level 4.4 Axes
 - Level 1.5 Throwing
 - Level 3.2 Armour
 - Level 3.2 Shields


You had 4 spell levels left.
You didn't know any spells.
Your spell library was empty.

Inventory:

Hand Weapons
 i - a +0 flail
 Y - a +0 war axe (weapon)
Missiles
 o - 2 javelins (quivered)
Armour
 b - a +0 scale mail (worn)
 c - a +0 buckler (worn)
Jewellery
 j - a ring of positive energy (left hand)
 m - an amulet of reflection
Scrolls
 n - a scroll of vulnerability {unknown}
Potions
 a - a potion of resistance {unknown}
 d - 3 potions of might
 e - 3 potions of curing
 f - a potion of mutation {unknown}
 h - 2 potions of lignification
 k - a potion of heal wounds {unknown}
 l - a potion of brilliance {unknown}

Dungeon Overview and Level Annotations

Branches:
Dungeon (3/15)

Altars:
Dithmenos
Qazlal

Shops:
D:2 (


Message History

The kobold closely misses you.
You closely miss the kobold. The kobold hits you but does no damage.
You block the kobold's attack.
You slash the kobold!
You kill the kobold!
You start resting.
A goblin is nearby!
Found a stone staircase leading up.
A frilled lizard comes into view.
The goblin shoots a sling bullet.
The sling bullet barely misses you.
The frilled lizard hisses angrily.
Things that are here:
a +0 whip; 2 stones
Enter note:
Enter note:
Enter note: An orc comes into view. It is wielding a +0 trident.
The goblin shoots a sling bullet.
You block the sling bullet.
Enter note:
Enter note:
Enter note: The frilled lizard bites you but does no damage.
Enter note:
Enter note:
Enter note: You barely miss the frilled lizard.
The frilled lizard bites you.
You slash the frilled lizard!
You kill the frilled lizard!
The goblin shoots a sling bullet.
The sling bullet hits you.
The goblin shoots a sling bullet.
The sling bullet hits you but does no damage.
The goblin unwields a +0 sling.
The goblin wields a +0 dagger.
The goblin closely misses you.
Enter note:
Enter note:
Enter note: You barely miss the goblin.
The goblin hits you with a +0 dagger.
You die...

.#.#
........g.){o#
#
.##.##..####.#
# #. #..# #.#
..##.##..# #.#
.........## #)#
..........# #.#
.......#o.# #.#
.......#..###.#
....<.g@...).)#
.......#..###.#
.......#%.###.#
..............#
##.######..##.#
# #..##)#
#..##.# #..##.#
......#


You could see an orc and a goblin.

Vanquished Creatures
  An orc wizard (D:3)
  3 gnolls (D:3)
  3 adders
  A worm (D:2)
  A dart slug (D:2)
  2 orcs (D:3)
  7 endoplasms
  2 giant cockroaches
  3 hobgoblins
  2 quokkas
  8 ball pythons
  5 bats
  5 frilled lizards
  6 goblins
  7 kobolds
  5 rats
  A spectral goblin (D:2)
62 creatures vanquished.

Notes
Turn   | Place    | Note
-------+----------+-------------------------------------------
     0 | D:1      | qw the Gargoyle Fighter began the quest for the Orb.
     0 | D:1      | Reached XP level 1. HP: 14/14 MP: 1/1
     0 | D:1      | 0 ||| qw: Version: 0.2-a-108-gee2c290
     0 | D:1      | 0 ||| qw: Game counter: 1496
     0 | D:1      | 0 ||| qw: Always use a shield: true
     0 | D:1      | 0 ||| qw: God list: Okawaru
     0 | D:1      | 0 ||| qw: Allow faded altars: false
     0 | D:1      | 0 ||| qw: Do Orc after D:15 true
     0 | D:1      | 0 ||| qw: Do second Lair branch before Depths: true
     0 | D:1      | 0 ||| qw: Lair rune preference: random
     0 | D:1      | 0 ||| qw: Plans: Normal, Zot:1-4, Slime:5, God:TSO, Crypt,
                  | Tomb, Abyss, Pan, Hells, Win
     0 | D:1      | 0 ||| PLANNING D:1-11
    56 | D:1      | Reached skill level 2 in Axes
   114 | D:1      | Reached XP level 2. HP: 14/19 MP: 2/2
   115 | D:1      | 115 ||| FLEEEEING.
   116 | D:1      | 116 ||| FLEEEEING.
   117 | D:1      | 117 ||| FLEEEEING.
   122 | D:1      | 122 ||| FLEEEEING.
   123 | D:1      | 123 ||| FLEEEEING.
   124 | D:1      | 124 ||| FLEEEEING.
   125 | D:1      | 125 ||| FLEEEEING.
   126 | D:1      | 126 ||| FLEEEEING.
   127 | D:1      | 127 ||| FLEEEEING.
   128 | D:1      | 128 ||| FLEEEEING.
   801 | D:1      | 801 ||| DROPPING +0 club.
   880 | D:1      | 880 ||| READING scroll labelled RILLOM YLEGG.
   881 | D:1      | 881 ||| READING scroll labelled PISCHE GOTHRE.
   884 | D:1      | 884 ||| READING 2 scrolls labelled FYACLADOUH.
   885 | D:1      | 885 ||| DRINKING 3 fizzy brown potions.
   886 | D:1      | 886 ||| DRINKING 2 metallic orange potions.
   907 | D:1      | 907 ||| DROPPING scroll of magic mapping.
   952 | D:2      | 952 ||| Stepping ~*~*~tactically~*~*~ (stealth).
   954 | D:2      | 954 ||| Stepping ~*~*~tactically~*~*~ (stealth).
   959 | D:2      | Reached skill level 3 in Axes
   985 | D:2      | 985 ||| Stepping ~*~*~tactically~*~*~ (hiding).
  1122 | D:2      | 1122 ||| Stepping ~*~*~tactically~*~*~ (stealth).
  1123 | D:2      | 1123 ||| Stepping ~*~*~tactically~*~*~ (stealth).
  1125 | D:2      | 1125 ||| Stepping ~*~*~tactically~*~*~ (stealth).
  1130 | D:2      | Reached XP level 3. HP: 23/23 MP: 3/3
  1130 | D:2      | 1130 ||| Stepping ~*~*~tactically~*~*~ (stealth).
  1131 | D:2      | 1131 ||| Stepping ~*~*~tactically~*~*~ (stealth).
  1169 | D:2      | 1169 ||| Stepping ~*~*~tactically~*~*~ (hiding).
  1174 | D:2      | 1174 ||| Stepping ~*~*~tactically~*~*~ (stealth).
  1224 | D:2      | 1224 ||| STAIRDANCE
  1459 | D:2      | 1459 ||| Stepping ~*~*~tactically~*~*~ (stealth).
  1488 | D:2      | Found Zeuluuk's Antique Weapon Shop.
  1500 | D:2      | 1500 ||| SHOPLISTING crude hand axe (216 gold, have 41).
  1500 | D:2      | 1500 ||| SHOPLISTING runed hand axe (162 gold, have 41).
  1514 | D:2      | 1514 ||| Stepping ~*~*~tactically~*~*~ (hiding).
  1590 | D:2      | 1590 ||| Stepping ~*~*~tactically~*~*~ (stealth).
  1635 | D:2      | Found a faded altar of an unknown god.
  1736 | D:2      | Reached XP level 4. HP: 28/28 MP: 4/4
  1814 | D:2      | 1814 ||| UPGRADING to ring of positive energy.
  1815 | D:2      | 1815 ||| READING scroll labelled PUJI VIPIEKK.
  1816 | D:2      | 1816 ||| READING scroll labelled LATIOTR ILUI.
  1900 | D:3      | 1900 ||| Stepping ~*~*~tactically~*~*~ (stealth).
  1902 | D:3      | 1902 ||| Stepping ~*~*~tactically~*~*~ (hiding).
  1910 | D:3      | Reached skill level 4 in Axes
  1966 | D:3      | 1966 ||| DROPPING +0 whip.
  2147 | D:3      | Found a shadowy altar of Dithmenos.
  2149 | D:3      | Found a stormy altar of Qazlal.
  2300 | D:3      | Reached skill level 1 in Throwing
  2300 | D:3      | Reached XP level 5. HP: 32/32 MP: 5/5
  2310 | D:3      | HP: 8/32 [something (3)]
  2311 | D:3      | 2311 ||| READING scroll of teleportation.
  2311 | D:3      | HP: 3/32 [something (5)]
  2314 | D:3      | 2314 ||| Stepping ~*~*~tactically~*~*~ (hiding).
  2315 | D:3      | 2315 ||| Stepping ~*~*~tactically~*~*~ (hiding).
  2319 | D:3      | HP: 3/32 [kobold/stone (2)]
  2334 | D:3      | HP: 4/32 [frilled lizard (3)]
  2335 | D:3      | HP: 1/32 [goblin/sling bullet (4)]
  2338 | D:3      | Slain by a goblin

Levels and vault maps discovered:
D:1:      dpeg_arrival_water_fire, layout_basic, serial_park_tiny_2
D:2:      layout_rooms, dreamdust_ecumenical_altar_drowned_temple, serial_shops,
          shop, nicolae_eternal_life, nicolae_titane
D:3:      layout_loops_ring, overflow_temple_1_default,
          nicolae_overflow_hidden_temple, st_stairs_7, hellmonk_no_cap

Skill      XL: |  1  2  3  4 |
---------------+-------------+-----
Axes           | 2 3 4 |  4.4
Throwing       | 1 |  1.5
Fighting       | |  3.2
Armour         | |  3.2
Shields        | |  3.2

Action                     |  1- 3 |  4- 6 || total
---------------------------+-------+-------++-------
  Melee: War axe           |   104 |    80 ||   184
  Throw: Javelin           |       |     2 ||     2
    Use: Scroll            |     3 |     3 ||     6
         Potion            |     2 |       ||     2
 Armour: Scale mail        |    52 |    58 ||   110
  Dodge: Dodged            |    40 |    41 ||    81
  Block: Buckler           |    12 |    18 ||    30

Table legend:
 A = Non-vault XP
 B = Vault XP
 C = Vault XP percentage of total XP
 D = Non-vault monster count
 E = Vault monster count
 F = Vault count percentage of total count
                 A         B        C        D         E       F
            +---------+---------+-------+---------+---------+-------
      Total |     207 |       1 |   0.5 |      61 |       1 |   1.6
            +---------+---------+-------+---------+---------+-------
        D:1 |      39 |       0 |   0.0 |      20 |       0 |   0.0
        D:2 |      52 |       1 |   1.9 |      23 |       1 |   4.2
        D:3 |     116 |       0 |   0.0 |      18 |       0 |   0.0
            +---------+---------+-------+---------+---------+-------
